 Dungeon Crawl Stone Soup version 0.27-a0-1118-ga84896973d (webtiles) character file.

Game seed: 2237535325316683187

77954 Lakar the Geomancer (level 15, 0/92 HPs)
             Began as a Gargoyle Earth Elementalist on May 2, 2021.
             Was a High Priest of Vehumet.
             Killed by an exploding orc (19 damage)
             ... ignited by their inner flame
             ... on level 2 of the Orcish Mines.
             The game lasted 00:50:21 (26531 turns).

Lakar the Geomancer (Gargoyle Earth Elementalist)  Turns: 26531, Time: 00:50:22

Health: 0/92       AC: 25    Str: 19    XL:     15   Next: 58%
Magic:  28/28      EV: 15    Int: 30    God:    Vehumet [*****.]
Gold:   2142       SH:  0    Dex: 14    Spells: 2/33 levels left

rFire    . . .     SeeInvis .   u - +6 double sword (elec)
rCold    . . .     Faith    .   (no shield)
rNeg     + . .     Spirit   .   c - +1 troll leather armour
rPois    ∞         Reflect  .   I - +1 hat "Dusotsutt" {Int+3 Dex+4}
rElec    +         Harm     .   h - +2 cloak
rCorr    .         Rampage  .   f - +1 pair of gloves
Will     +....     Clarity  +   k - +0 pair of boots
Stlth    ++........             T - amulet of magic regeneration
HPRegen  1.25/turn              j - +6 ring of strength
MPRegen  0.46/turn              o - +6 ring of intelligence

@: flying
A: AC +11, big wings, negative energy resistance 1, electricity resistance,
torment resistance 1, unbreathing 1, petrification resistance, fangs 1, clarity
a: Renounce Religion


You were on level 2 of the Orcish Mines.
You worshipped Vehumet.
Vehumet was extremely pleased with you.
You visited 4 branches of the dungeon, and saw 23 of its levels.
You also visited: Sewer.

You collected 2300 gold pieces.
You spent 158 gold pieces at shops.

Inventory:

Hand Weapons
 u - a +6 double sword of electrocution (weapon)
 C - the +5 dagger of Indomitability {vorpal, Fly rC+ Will-}
   (You found it on level 9 of the Dungeon)

   It inflicts extra damage upon your enemies.
   It protects you from cold.
   It grants you flight.
   It decreases your willpower.
Missiles
 b - 534 stones
 d - 10 boomerangs of dispersal
 J - a throwing net
 M - 8 atropa-tipped darts
Armour
 c - a +1 troll leather armour (worn)
 f - a +1 pair of gloves (worn)
 h - a +2 cloak (worn)
 k - a +0 pair of boots (worn)
 I - the +1 hat "Dusotsutt" (worn) {Int+3 Dex+4}
   (You found it on level 1 of the Orcish Mines)

   It affects your intelligence (+3).
   It affects your dexterity (+4).
 K - a +2 robe of willpower
Jewellery
 j - a +6 ring of strength (left hand)
 o - a +6 ring of intelligence (right hand)
 F - the ring of Soqovvygu {Fire rElec Dex+4 SInv}
   (You found it on level 11 of the Dungeon)

   [ring of fire]

   It enhances your fire magic.
   It affects your dexterity (+4).
   It protects you from fire.
   It makes you vulnerable to cold.
   It insulates you from electricity.
   It lets you see invisible.
 P - a ring of magical power
 T - an amulet of magic regeneration (around neck)
 U - a ring of wizardry
Wands
 e - a wand of acid (13)
 i - a wand of polymorph (18)
 v - a wand of flame (56)
 x - a wand of iceblast (11)
 D - a wand of paralysis (24)
 N - a wand of charming (10)
Scrolls
 m - 4 scrolls of fear
 n - a scroll of holy word
 r - 3 scrolls of blinking
 y - 8 scrolls of teleportation
 E - 7 scrolls of identify
 G - 2 scrolls of magic mapping
 H - a scroll of amnesia
 Q - 5 scrolls of fog
 R - a scroll of brand weapon
Potions
 a - 6 potions of curing
 g - a potion of berserk rage
 l - 3 potions of flight
 p - 2 potions of resistance
 q - 3 potions of haste
 s - 3 potions of attraction
 t - a potion of lignification
 w - 7 potions of might
 A - a potion of invisibility
 B - 2 potions of mutation
 S - a potion of heal wounds
Miscellaneous
 L - a lightning rod (4/4)
 O - a phial of floods


   Skills:
 + Level 9.9 Fighting
 + Level 11.5 Long Blades
 - Level 6.0 Armour
 + Level 7.9 Dodging
 - Level 2.1 Stealth
 + Level 9.9 Spellcasting
 + Level 11.2 Conjurations
 - Level 0.7 Transmutations
 * Level 9.3 Fire Magic
 + Level 12.8 Earth Magic
 + Level 8.1 Evocations


You had 2 spell levels left.
You knew the following spells:

 Your Spells              Type           Power      Damage    Failure   Level
a - Sandblast             Erth           100%       2d20      0%          1
b - Stone Arrow           Conj/Erth      100%       3d13      1%          3
c - Lee's Rapid Deconstr  Erth           37%        3d20*     1%          5
d - Iron Shot             Conj/Erth      36%        9d7       1%          6
e - Bolt of Magma         Conj/Fire/Erth 34%        4d15      1%          5
f - Fireball              Conj/Fire      33%        3d14      1%          5
g - Starburst             Conj/Fire      33%        8x6d10    2%          6

Your spell library contained the following spells:

 Spells                   Type           Power      Damage    Failure   Level
 Ozocubu's Refrigeration  Ice            7%         4d6       100%        7
 Foxfire                  Conj/Fire      100%       2x1d9     1%          1
 Magic Dart               Conj           100%       1d8       1%          1
 Passwall                 Tmut/Erth      44%        N/A       1%          2
 Poisonous Vapours        Pois/Air       28%        N/A       1%          2
 Beastly Appendage        Tmut           38%        N/A       3%          1
 Sting                    Tmut/Pois      68%        1d6       3%          1
 Animate Skeleton         Necr           28%        N/A       4%          1
 Apportation              Tloc           28%        N/A       4%          1
 Corona                   Hex            15%        N/A       4%          1
 Summon Small Mammal      Summ           56%        N/A       4%          1
 Wereblood                Tmut           19%        N/A       4%          2
 Blink                    Tloc           N/A        N/A       6%          2
 Call Imp                 Summ           14%        N/A       6%          2
 Corpse Rot               Necr/Air       N/A        N/A       6%          2
 Slow                     Hex            14%        N/A       6%          2
 Conjure Flame            Conj/Fire      67%        6-21      1%          3
 Ignite Poison            Fire/Tmut/Pois 35%        N/A       1%          3
 Inner Flame              Hex/Fire       43%        N/A       1%          3
 Mephitic Cloud           Conj/Pois/Air  37%        N/A       1%          3
 Sticky Flame             Conj/Fire      67%        2d8       1%          4
 Iskenderun's Battlesphe  Conj           70%        2d12      1%          5
 Petrify                  Tmut/Erth      53%        N/A       2%          4
 Orb of Destruction       Conj           35%        9d13      10%         7
 Spider Form              Tmut/Pois      8%         N/A       11%         3
 Olgreb's Toxic Radiance  Pois           14%        N/A       11%         4
 Confusing Touch          Hex            14%        N/A       12%         3
 Gell's Gravitas          Tloc           7%         N/A       12%         3
 Lesser Beckoning         Tloc           7%         N/A       12%         3
 Summon Guardian Golem    Hex/Summ       14%        N/A       12%         3
 Yara's Violent Unravell  Hex/Tmut       8%         3d5       24%         5
 Ice Form                 Ice/Tmut       17%        N/A       34%         4
 Spellforged Servitor     Conj/Summ      24%        N/A       61%         7
 Hydra Form               Tmut           9%         N/A       63%         5
 Alistair's Intoxication  Tmut/Pois      11%        N/A       67%         5
 Metabolic Englaciation   Hex/Ice        7%         N/A       75%         5
 Summon Forest            Summ/Tloc      7%         N/A       75%         5
 Eringya's Noxious Bog    Tmut/Pois      8%         N/A       75%         6
 Dispersal                Tloc           7%         N/A       99%         6
 Haunt                    Necr/Summ      7%         N/A       100%        7
 Malign Gateway           Summ/Tloc      7%         N/A       100%        7
 Monstrous Menagerie      Summ           7%         N/A       100%        7
 Summon Hydra             Summ           7%         N/A       100%        7
 Summon Horrible Things   Summ           7%         N/A       100%        8
 Statue Form              Tmut/Erth      Unusable   N/A       N/A         6

Dungeon Overview and Level Annotations

Branches:
Dungeon (14/15)            Temple (1/1) D:5            Lair (6/6) D:8
 Shoals (0/4) Lair:3        Snake (0/4) Lair:4        Slime (0/5) Lair:5
    Orc (2/2) D:10            Elf (0/3) Orc:2        Vaults (0/5) D:14
  Sewer (visited)

Altars:
Ashenzari
Cheibriados
Dithmenos
Elyvilon
Fedhas
Gozag
Hepliaklqana
Kikubaaqudgha
Makhleb
Nemelex Xobeh
Okawaru
Qazlal
Ru
Sif Muna
Trog
Uskayaw
Vehumet
Wu Jian
Xom
Yredelemnul
Zin
The Shining One
Beogh

Shops:
D:4 *   D:8 *(([?   D:14 (

Annotations:
D:5 1 runed translucent door


Innate Abilities, Weirdness & Mutations

Your stone body is resilient. (AC +11)
You are immune to poison.
Your large and strong wings let you fly.
You resist negative energy. (rN+)
You are resistant to electric shocks. (rElec)
You are resistant to unholy torment.
You can survive without breathing.
You are immune to petrification.
You have very sharp teeth.
You possess an exceptional clarity of mind.


Message History

Vehumet accepts your kill.
The fiery explosion engulfs the orc knight!!!
Vehumet accepts your kill.
The fiery explosion engulfs the warg!!
Vehumet accepts your kill.
The warg explodes!
The fiery explosion engulfs the orc warrior!!
Vehumet accepts your kill.
The fiery explosion engulfs the orc warrior!!
Vehumet accepts your kill.
The orc warrior explodes!
The fiery explosion engulfs the orc warrior!!
Vehumet accepts your kill.
The orc warrior explodes!
The fiery explosion engulfs the orc!!
Vehumet accepts your kill.
The fiery explosion engulfs the orc!!
Vehumet accepts your kill.
The orc explodes! x2; The orc warrior explodes!
The fiery explosion engulfs the ice devil!!!
The ice devil is burned terribly!
The ice devil explodes!
The fiery explosion engulfs something!!
Vehumet accepts your kill.
Reactivating autopickup.
You feel a bit more experienced.
The orc wizard explodes!
The fiery explosion engulfs the orc sorcerer!!
Flame seeps out of the orc sorcerer.
The orc sorcerer is severely wounded.
The orc knight explodes!
The fiery explosion engulfs the orc!!
Vehumet accepts your kill. The fiery explosion engulfs you!
The orc explodes!
The fiery explosion engulfs you!!
* * * LOW HITPOINT WARNING * * *
The orc warrior explodes!
The orc explodes!
The fiery explosion engulfs you!!
You die...

.. ......##...# ...
#........##
...##.......##
...........## #
###.......>....#..
#.....#............
.....###.#.....#.#.#
.....§§.o...$...##
...#.§§@§§...#...#
#.§§§§#..####...
#.§§§§#.## ...
#8§§§8### .. #§§§§§#
#§§§§§# §o§§§§o
..o§§§§.


You could see an orc high priest (strong), an orc sorcerer (inner flame,
strong), an orc warrior (inner flame, strong) and an orc wizard (strong).

Vanquished Creatures
  Gastronok (D:11)
  Roxanne (D:14)
  The ghost of Minuumom the Protected, a journeyman DsVM of Ashenzari (Lair:4)
  Erolcha (D:12)
  3 boulder beetles
  8 hydras
  4 catoblepae
  A vault guard (D:14)
  2 centaur warriors (D:13)
  5 two-headed ogres
  An ogre mage (D:11)
  7 death yaks (Lair:6)
  A tengu warrior (D:14)
  Nergalle (D:11)
  3 wizards
  3 orc knights
  3 deep elf pyromancers
  A wolf spider (D:13)
  A necromancer (D:14)
  An ugly thing (D:11)
  A deep elf zephyrmancer (Orc:1)
  An orc sorcerer (Orc:2)
  2 manticores (Lair:6)
  3 cyclopes
  5 oklob plants
  A guardian serpent (shapeshifter) (D:14)
  5 black mambas
  15 elephants
  2 gargoyles
  8 cane toads
  2 unseen horrors (D:11)
  2 rime drakes
  14 komodo dragons
  2 yaktaurs (D:14)
  A tengu conjurer (D:14)
  2 hornets
  A merfolk (shapeshifter) (D:13)
  8 trolls
  2 polar bears
  9 dream sheep (Lair:6)
  A meliai zombie (D:11)
  11 slime creatures
  Prince Ribbit (D:7)
  A snapping turtle (Lair:3)
  15 blink frogs
  6 wyverns
  A vampire (D:11)
  A centaur simulacrum (D:11)
  19 yaks
  16 humans (D:14)
  2 shadows
  A fire bat (D:8)
  A steam dragon (Lair:4)
  5 basilisks
  Menkaure (D:4)
  4 vampire mosquitoes (D:13)
  Edmund (D:5)
  3 wargs
  14 water moccasins
  An acid dragon (D:11)
  A swamp drake (Orc:1)
  Duvessa (D:7)
  19 orc warriors
  A sky beast (D:8)
  2 black bears
  An ice beast (D:6)
  5 necrophages
  8 wolves
  An ogre (D:5)
  6 centaurs
  2 phantoms
  A kobold brigand (D:4)
  13 bullfrogs
  A wyvern zombie (D:7)
  A gnoll sergeant (D:8)
  3 scorpions
  Dowan (D:7)
  A water moccasin zombie (D:5)
  5 killer bees (D:10)
  A wight (D:4)
  3 electric eels
  10 howler monkeys
  2 lava snakes (D:10)
  A crimson imp (Orc:1)
  A bullfrog zombie (D:4)
  6 centaur zombies
  An iron imp (Orc:1)
  Crazy Yiuf (D:2)
  2 centaur skeletons
  11 orc priests
  A hound (D:6)
  2 iguanas
  Terence (D:3)
  19 orc wizards
  A hound zombie (D:5)
  A hound skeleton (D:4)
  3 howler monkey zombies
  5 adders
  5 gnolls (D:8)
  A howler monkey skeleton (D:4)
  A river rat (D:4)
  3 shadow imps
  3 white imps
  An ufetubus (D:5)
  2 adder skeletons (D:4)
  2 worms
  3 dart slugs
  60 orcs
  10 ball pythons
  4 endoplasms
  4 giant cockroaches
  7 goblins
  5 hobgoblins
  9 jackals
  14 kobolds
  3 quokkas
  2 bats
  7 frilled lizards
  A goblin skeleton (D:5)
  A jackal zombie (D:5)
  2 rats (D:4)
535 creatures vanquished.

Vanquished Creatures (others)
  30 fungi
  65 plants
95 creatures vanquished.

Grand Total: 630 creatures vanquished

Notes
Turn   | Place    | Note
-------+----------+-------------------------------------------
     0 | D:1      | Lakar the Gargoyle Earth Elementalist began the quest for
                  | the Orb.
     0 | D:1      | Reached XP level 1. HP: 10/10 MP: 3/3
   453 | D:1      | Reached skill level 4 in Earth Magic
   453 | D:1      | Reached XP level 2. HP: 15/15 MP: 3/5
   827 | D:1      | Reached XP level 3. HP: 9/19 MP: 0/6
   833 | D:1      | Learned a level 3 spell: Stone Arrow
  1257 | D:1      | Found a faded altar of an unknown god.
  1800 | D:2      | Found a runed translucent door.
  1801 | D:2      | Noticed Crazy Yiuf
  1854 | D:2      | Killed Crazy Yiuf
  1855 | D:2      | Reached skill level 1 in Conjurations
  1855 | D:2      | Reached XP level 4. HP: 16/24 MP: 3/8
  2347 | D:3      | Reached skill level 5 in Earth Magic
  2352 | D:3      | Reached XP level 5. HP: 26/28 MP: 9/9
  2410 | D:3      | Learned a level 5 spell: Lee's Rapid Deconstruction
  2427 | D:3      | Noticed Terence
  2449 | D:3      | Killed Terence
  3211 | D:4      | Noticed a kobold brigand
  3222 | D:4      | Killed a kobold brigand
  3223 | D:4      | Reached XP level 6. HP: 29/32 MP: 11/11
  3292 | D:4      | Noticed Menkaure
  3295 | D:4      | Killed Menkaure
  3296 | D:4      | Reached skill level 6 in Earth Magic
  3331 | D:4      | Found a glowing drain.
  3367 | Sewer    | Entered a sewer
  3479 | Sewer    | Reached XP level 7. HP: 34/36 MP: 13/13
  4237 | D:4      | Found Jibbosoch's General Store.
  4579 | D:4      | Found a burning altar of Makhleb.
  5121 | D:4      | Found a glowing silver altar of Zin.
  5123 | D:4      | Found an ancient bone altar of Kikubaaqudgha.
  5169 | D:5      | Entered Level 5 of the Dungeon
  5304 | D:5      | Reached skill level 5 in Spellcasting
  5304 | D:5      | Reached skill level 7 in Earth Magic
  5401 | D:5      | Noticed Edmund
  5402 | D:5      | Reached XP level 8. HP: 42/42 MP: 11/15
  5429 | D:5      | Killed Edmund
  5430 | D:5      | Reached skill level 1 in Fighting
  5430 | D:5      | Reached skill level 1 in Long Blades
  5430 | D:5      | Reached skill level 1 in Armour
  5430 | D:5      | Reached skill level 5 in Conjurations
  5759 | D:5      | Found a staircase to the Ecumenical Temple.
  5763 | Temple   | Entered the Ecumenical Temple
  5935 | Temple   | Became a worshipper of Vehumet
  6239 | D:5      | HP: 1/44 [orc priest/divine providence (13)]
  6721 | D:5      | Found a runed translucent door.
  6730 | D:5      | Found a basalt altar of Yredelemnul.
  7201 | D:5      | Reached XP level 9. HP: 46/49 MP: 2/17
  7729 | D:6      | Reached skill level 8 in Earth Magic
  7734 | D:6      | Reached * piety under Vehumet
  7734 | D:6      | Offered knowledge of Foxfire by Vehumet.
  7890 | D:6      | Reached skill level 1 in Evocations
  8212 | D:7      | Noticed Dowan
  8240 | D:7      | Noticed Duvessa
  8249 | D:7      | Killed Duvessa
  8259 | D:7      | Killed Dowan
  8404 | D:7      | Identified a scroll of acquirement
  8404 | D:7      | Acquired a +2 double sword of electrocution
  8497 | D:7      | Noticed Prince Ribbit
  8508 | D:7      | Killed Prince Ribbit
  8957 | D:7      | Found an opulent altar of Gozag.
  9347 | D:8      | Noticed a two-headed ogre
  9353 | D:8      | Killed a two-headed ogre
  9354 | D:8      | Reached skill level 5 in Long Blades
  9354 | D:8      | Reached XP level 10. HP: 46/56 MP: 9/19
  9444 | D:8      | Found Jodugay's General Store.
  9444 | D:8      | Noticed Joseph
  9449 | D:8      | Noticed Joseph
  9449 | D:8      | Joseph changed into Joseph the fire bat
  9450 | D:8      | Killed Joseph the fire bat
  9526 | D:8      | Found Bicla's Antique Weapon Shop.
  9596 | D:8      | Found Zomyfape's Armour Shoppe.
  9602 | D:8      | Found Tauxtoxt's Magic Scroll Emporium.
  9607 | D:8      | Bought a scroll of fear for 38 gold pieces
  9607 | D:8      | Bought a scroll of immolation for 38 gold pieces
  9607 | D:8      | Bought a scroll of enchant weapon for 82 gold pieces
  9616 | D:8      | Found Xivo's Weapon Shop.
 10040 | D:8      | Found a staircase to the Lair.
 10120 | D:8      | Reached ** piety under Vehumet
 10120 | D:8      | Offered knowledge of Shock by Vehumet.
 10731 | D:9      | Found a shimmering altar of Xom.
 10731 | D:9      | Found a glowing golden altar of the Shining One.
 10738 | D:9      | Identified the +5 dagger of Indomitability {vorpal, Fly rC+
                  | Will-}
 10739 | D:9      | Found a snail-covered altar of Cheibriados.
 10744 | D:9      | Found a sparkling altar of Nemelex Xobeh.
 10746 | D:9      | Found a broken altar of Ashenzari.
 11009 | D:9      | Reached skill level 9 in Earth Magic
 11404 | D:9      | Noticed a gargoyle
 11406 | D:9      | Killed a gargoyle
 11507 | D:9      | Found a faded altar of an unknown god.
 11510 | D:9      | Found a hazy altar of Hepliaklqana.
 11571 | D:10     | Entered Level 10 of the Dungeon
 11623 | D:10     | Reached skill level 5 in Armour
 11736 | D:10     | Identified the Papyrus of Toxic Dislocation
 11751 | D:10     | Found a staircase to the Orcish Mines.
 11760 | D:10     | Reached skill level 5 in Fighting
 12286 | D:10     | Reached XP level 11. HP: 61/64 MP: 21/21
 12347 | D:11     | Offered knowledge of Dazzling Flash by Vehumet.
 12837 | D:11     | Identified the +0 spear "Uqiorok" {venom, Contam rC+ rN+
                  | SInv}
 12912 | D:11     | Noticed a cyclops
 12913 | D:11     | Noticed a boulder beetle
 12914 | D:11     | Noticed a two-headed ogre
 12915 | D:11     | Noticed a two-headed ogre
 12915 | D:11     | Noticed an orc knight
 12925 | D:11     | Killed a two-headed ogre
 12931 | D:11     | Killed a two-headed ogre
 12931 | D:11     | Killed a cyclops
 12931 | D:11     | Killed an orc knight
 12932 | D:11     | Reached skill level 5 in Dodging
 12932 | D:11     | Reached skill level 10 in Earth Magic
 12935 | D:11     | Reached *** piety under Vehumet
 12935 | D:11     | Killed a boulder beetle
 12935 | D:11     | Killed an ogre mage
 12935 | D:11     | Noticed a brown ugly thing
 12936 | D:11     | Killed a brown ugly thing
 13163 | D:11     | Reached skill level 5 in Evocations
 13200 | D:11     | Noticed Gastronok
 13211 | D:11     | Reached XP level 12. HP: 71/71 MP: 23/23
 13219 | D:11     | Killed Gastronok
 13289 | D:11     | Gained mutation: You have very sharp teeth. [potion of
                  | mutation]
 13289 | D:11     | Gained mutation: You possess an exceptional clarity of
                  | mind. [potion of mutation]
 13380 | D:11     | Learned a level 6 spell: Iron Shot
 13386 | D:11     | Learned a level 5 spell: Bolt of Magma
 13463 | D:11     | Noticed Nergalle
 13474 | D:11     | Killed Nergalle
 13672 | D:11     | Identified the ring of Soqovvygu {Fire rElec Dex+4 SInv}
 13870 | D:12     | Noticed Erolcha
 13873 | D:12     | Killed Erolcha
 13874 | D:12     | Reached skill level 1 in Fire Magic
 14029 | D:12     | Noticed a two-headed ogre
 14034 | D:12     | Killed a two-headed ogre
 15556 | D:13     | Noticed a catoblepas
 15562 | D:13     | Killed a catoblepas
 15982 | D:13     | Offered knowledge of Frozen Ramparts by Vehumet.
 16108 | D:13     | Reached skill level 11 in Earth Magic
 16293 | D:13     | Noticed a centaur warrior
 16300 | D:13     | Killed a centaur warrior
 16301 | D:13     | Reached XP level 13. HP: 63/76 MP: 25/25
 17291 | D:14     | Found a stormy altar of Qazlal.
 17293 | D:14     | Found Anuss's Weapon Emporium.
 17559 | D:14     | Identified Roxanne's Tome of Moulding
 17559 | D:14     | Noticed Roxanne
 17803 | D:14     | Reached skill level 5 in Fire Magic
 18042 | D:14     | Killed Roxanne
 18647 | D:14     | Reached **** piety under Vehumet
 18670 | D:14     | Offered knowledge of Iskenderun's Mystic Blast by Vehumet.
 18707 | D:14     | Noticed a vault guard
 18717 | D:14     | Killed a vault guard
 18827 | D:14     | Found a gate to the Vaults.
 19015 | Lair:1   | Entered Level 1 of the Lair of Beasts
 19191 | Lair:1   | Reached skill level 10 in Long Blades
 19198 | Lair:1   | Reached skill level 10 in Conjurations
 19906 | Lair:2   | Gained mutation: Your large and strong wings let you fly.
                  | [Gargoyle growth]
 19906 | Lair:2   | Reached XP level 14. HP: 84/84 MP: 10/26
 21071 | Lair:3   | Found a staircase to the Shoals.
 21808 | Lair:4   | Found a staircase to the Snake Pit.
 21987 | Lair:4   | Found a runed translucent door.
 21988 | Lair:4   | Noticed Minuumom's ghost (journeyman DsVM)
 22014 | Lair:4   | Killed Minuumom's ghost
 22015 | Lair:4   | Reached skill level 12 in Earth Magic
 22846 | Lair:5   | Reached ***** piety under Vehumet
 22846 | Lair:5   | Offered knowledge of Starburst by Vehumet.
 23741 | Lair:5   | Learned a level 5 spell: Fireball
 23838 | Lair:5   | Found a staircase to the Slime Pits.
 23921 | Lair:5   | Identified the +2 chain mail "Giwaen" {*Slow rC+ Int+8}
 24195 | Lair:6   | Entered Level 6 of the Lair of Beasts
 24550 | Lair:6   | Reached XP level 15. HP: 82/91 MP: 28/28
 24826 | Lair:6   | Identified the Handbook of Supportive Toxins
 25145 | Lair:6   | Learned a level 6 spell: Starburst
 25798 | Orc:1    | Entered Level 1 of the Orcish Mines
 26215 | Orc:1    | Offered knowledge of Ozocubu's Refrigeration by Vehumet.
 26237 | Orc:1    | Identified the +1 hat "Dusotsutt" {Int+3 Dex+4}
 26287 | Orc:2    | Entered Level 2 of the Orcish Mines
 26516 | Orc:2    | Found a staircase to the Elven Halls.
 26531 | Orc:2    | Killed by an exploding orc... ignited by their inner flame

Illustrated notes

Levels and vault maps discovered:
D:1:      dpeg_arrival_rhombi, layout_loops_ring,
          shapermc_ecumenical_altar_mp_highgroup, minmay_misc_feat_doors,
          corexii_hall_statues_u
D:2:      layout_rooms, minmay_misc_feat_plants, uniq_crazy_yiuf_cottage
D:3:      layout_basic, serial_park_tiny_2, uniq_terence
D:4:      layout_basic, makhleb_blood_cavern_becter,
          nicolae_overflow_hidden_temple, serial_shops, shop,
          portal_sewer_entry_b, serial_bayou, serial_bayou_lagoon_a,
          serial_bayou_shore_b, serial_bayou_shore_b, serial_bayou_ford_a,
          minmay_manual_maat, uniq_menkaure
D:5:      layout_basic, dk_yredelemnul_ordeal, minmay_temple_entry_grid,
          uniq_edmund
D:6:      layout_rooms, serial_aquarium, aquarium_bridge_island_small
          [aquarium_subvault_small_water, aquarium_subvault_balcony,
          aquarium_subvault_bridge, aquarium_subvault_bridge,
          aquarium_subvault_window], aquarium_window_2, aquarium_window_corner,
          aquarium_view_2c, aquarium_pool_2
D:7:      layout_basic, overflow_temple_1_default, uniq_duvessa,
          uniq_prince_ribbit1
D:8:      layout_loops_ring, grunt_lair_entry_orc_guard_hut, enter_bailey_7,
          serial_shops, shop_fountains, shop, shop, shop,
          nicolae_shop_competitors_out_of_business, uniq_joseph
D:9:      layout_basic, chequers_temple_overflow_minitemple,
          beargit_hepliaklqana_dungeon_heroes
D:10:     layout_big_octagon, orc_0_dummy
D:11:     minmay_bloctagon, layout_loops_corners, lemuel_flame_loot_1,
          uniq_gastronok, uniq_nergalle
D:12:     layout_stronghold, uniq_erolcha
D:13:     layout_long_grid, kb_rosetta
D:14:     layout_long_grid, grunt_vaults_entry_tiered, serial_shops, shop,
          nicolae_qazlal_scattered_showers, amcnicky_mini_rare_corridor_liquid,
          uniq_roxanne
Temple:   minmay_temple_curvy_loop
Lair:1:   layout_regular_city
Lair:2:   layout_gridlike
Lair:3:   layout_layer_cave, minmay_shoals_entry_hut, beast_lair_carwin_8,
          infiniplex_staircase_pool_2
Lair:4:   layout_roguey, guppyfry_snake_entry_island, gammafunk_ghost_grave,
          chequers_serial_rivers_micro_d
Lair:5:   layout_cave_pods, minmay_slime_entry_oklob_enclosed, disabler_island,
          grunt_megastairs_4
Lair:6:   evilmike_catoblepas_cave, layout_hall_layers,
          infiniplex_staircase_pool
Orc:1:    layout_caves, basic_altar, hangedman_minor_magic
Orc:2:    grunt_orc_cross, layout_caves, ebering_ghost_rock_garden,
          minmay_orc_temple_a

Skill      XL: |  1  2  3  4  5  6  7  8  9 10 11 12 13 14 15 |
---------------+----------------------------------------------+-----
Earth Magic    | 4 5 6 7 8 9 10 11 12 | 12.8
Spellcasting   | 3 4 5 6 7 8 9 |  9.9
Conjurations   | 1 2 3 4 5 6 7 8 9 10 11 | 11.2
Fighting       | 2 4 5 6 7 8 9 |  9.9
Long Blades    | 3 5 6 7 9 10 11 | 11.5
Armour         | 2 4 5 6 |  6.0
Dodging        | 2 3 4 5 6 7 |  7.9
Evocations     | 2 3 5 6 7 8 |  8.1
Fire Magic     | 4 6 8 9 |  9.3
Stealth        | |  2.1
Transmutations | |  0.7

Action                   |  1- 3 |  4- 6 |  7- 9 | 10-12 | 13-15 || total
-------------------------+-------+-------+-------+-------+-------++-------
Melee: Dagger            |    94 |   112 |   143 |       |       ||   349
       Falchion          |       |       |   128 |       |       ||   128
       Quarterstaff      |       |       |    27 |       |       ||    27
       Double sword      |       |       |    27 |   171 |   529 ||   727
       Bite              |       |       |       |     5 |    58 ||    63
 Cast: Sandblast         |    28 |    30 |    45 |    17 |    18 ||   138
       Lee's Rapid Decon |       |       |     7 |    31 |    32 ||    70
       Stone Arrow       |       |       |    36 |    32 |     9 ||    77
       Iron Shot         |       |       |       |     8 |    69 ||    77
       Bolt of Magma     |       |       |       |       |    18 ||    18
       Fireball          |       |       |       |       |     8 ||     8
       Starburst         |       |       |       |       |    19 ||    19
Evoke: Wand              |       |       |     8 |     6 |       ||    14
       Lightning rod     |       |       |       |       |     3 ||     3
       Phial of floods   |       |       |       |       |     1 ||     1
  Use: Potion            |     1 |       |     4 |     7 |       ||    12
       Scroll            |       |     6 |    11 |    12 |     5 ||    34
 Stab: Sleeping          |     6 |     1 |     4 |     2 |     3 ||    16
       Distracted        |       |     1 |       |       |       ||     1
       Petrified         |       |       |       |       |     1 ||     1
Armor: Robe              |    36 |    59 |   180 |   136 |       ||   411
       Troll leather arm |       |       |       |     9 |   394 ||   403
Dodge: Dodged            |    66 |    71 |   185 |   183 |   380 ||   885
       Rpst.: Falchion   |       |       |    18 |       |       ||    18
       Double sword      |       |       |     3 |    51 |    84 ||   138

Table legend: (Time is in decaauts)
 A = Elapsed time spent in this place.
 B = Non-inter-level travel time spent in this place.
 C = Inter-level travel time spent in this place.
 D = Time resting spent in this place.
 E = Time spent auto-exploring this place.
 F = Levels seen in this place.
 G = Mean time per level.
                   A        B        C        D        E       F      G
               +--------+--------+--------+--------+--------+-----+--------+
         Total |  26789 |  25630 |   1159 |   2630 |  18753 |  24 | 1116.2 |
       Dungeon |  18231 |  17409 |    822 |   2110 |  12517 |  14 | 1302.2 |
        Temple |    189 |    172 |     17 |      0 |    162 |   1 |  189.0 |
          Lair |   6688 |   6400 |    288 |    520 |   4942 |   6 | 1114.7 |
  Orcish Mines |    729 |    698 |     31 |      0 |    459 |   2 |  364.5 |
         Sewer |    949 |    949 |      0 |      0 |    673 |   1 |  949.0 |
               +--------+--------+--------+--------+--------+-----+--------+

Top non-repeatable levels by time:
    D:13: 2007 daAuts
     D:5: 1920 daAuts
    D:11: 1675 daAuts
  Lair:5: 1581 daAuts
    D:14: 1546 daAuts
    D:12: 1424 daAuts
  Lair:6: 1380 daAuts
     D:1: 1360 daAuts
     D:4: 1283 daAuts
     D:9: 1241 daAuts
  Lair:3: 1196 daAuts
     D:8: 1188 daAuts
     D:3: 1171 daAuts
     D:7: 1149 daAuts
   Sewer: 949 daAuts
